[Event "*** Titled Tuesday Blitz"]
[Site "Chess.com"]
[Date "2020.05.19"]
[Round "10"]
[White "Baby_Shak"]
[Black "Marcan2b"]
[Result "1-0"]
[WhiteElo "2632"]
[BlackElo "2477"]
[TimeControl "180+1"]
[EndTime "13:57:14 PDT"]
[Termination "Baby_Shak won by checkmate"]

1. d4 Nf6 2. Bf4 c5 3. e3 e6 4.
Nd2 Nc6 5. Ngf3 d5 6. c3 cxd4 7.
exd4 Nh5 8. Be3 Bd6 9. Bd3 Nf4 10. Bxf4 Bxf4 11. O-O O-O 12. Qe2 g6 13. Rae1 Bd7 14. Ne5 Nxe5 15. dxe5 b5 16. Nf3 Rb8 17. Nd4 b4 18. c4 dxc4 19. Bxc4 Qb6 20. Rd1 Rfd8 21. Qe4 Bh6 22. Rd3 Rbc8 23. b3 Bg7 24. Rfd1 Be8 25.
h3 h5 26. Kh2 Qc5 27. f4 Qe7 28. Qf3 h4 29. Qg4 Bd7 30. Nf3 Bc6 31. Nxh4 Be4 32.
Rd6 Rxd6 33. Rxd6 Re8 34. Nf3 Bh6 35. Nd4 Kg7 36. Bb5 Rc8 37. Rd7 Qe8 38. Nxe6+ Kg8 39. Nc7 Rxc7 40. Rxc7 Qxb5 41. e6 Bf5 42. exf7+ Kg7 43.
Qh4 Qb6 44. f8=Q+ Kxf8 45. Qd8# 1-0

[Event "*** Titled Tuesday Blitz"]
[Site "Chess.com"]
[Date "2020.05.19"]
[Round "10"]
[White "mamey78"]
[Black "LostaBet95"]
[Result "1-0"]
[WhiteElo "2406"]
[BlackElo "2506"]
[TimeControl "180+1"]
[EndTime "13:57:14 PDT"]
[Termination "mamey78 won on time"]

1. e4 e5 2. Nf3 Nc6 3. Bb5 Nf6 4. d4 exd4 5. O-O a6 6. Ba4 b5 7.
Bb3 d6 8. Bd5 Nxd5 9. exd5 Ne5 10. Nxd4 Bb7 11. Re1 Be7 12. Nf5 O-O 13. Nxe7+ Qxe7 14. f4 Rad8 15. c4 bxc4 16. Nc3 Rfe8 17. fxe5 dxe5 18. Qe2 Bxd5 19. Nxd5 Rxd5 20. Qxc4 Qd6 21. Be3 c6 22. Rac1 Rc8 23. Bf2 a5 24. Qg4 Re8 25.
h3 h6 26. Qc4 Rc8 27. Rc3 Rd2 28. Qg4 Re8 29. Rec1 Rxb2 30. Be3 Qd5 31. Rxc6 Rxa2 32. Rc8 Rxc8 33. Rxc8+ Kh7 34. Rc7 g6 35. Rc8 Kg7 36.
Qg3 h5 37. Rc1 e4 38. Rf1 Qe6 39. Bf4 e3 40. Be5+ 1-0

[Event "*** Titled Tuesday Blitz"]
[Site "Chess.com"]
[Date "2020.05.19"]
[Round "10"]
[White "m_ezat"]
[Black "MasterKroket"]
[Result "0-1"]
[WhiteElo "2533"]
[BlackElo "2421"]
[TimeControl "180+1"]
[EndTime "13:57:14 PDT"]
[Termination "MasterKroket won by checkmate"]

1. e4 c5 2. d4 cxd4 3. c3 dxc3 4. Nxc3 Nc6 5. Nf3 d6 6. Bc4 a6 7. O-O Nf6 8. h3 e6 9. Qe2 Be7 10. Rd1 Qc7 11. Bf4 e5 12. Bg5 Be6 13. Rac1 O-O 14. Bb3 Rfd8 15. Bxf6 Bxf6 16. Nd5 Qa5 17. Nxf6+ gxf6 18. Nh4 Ne7 19. Bxe6 fxe6 20. Qg4+ Kf7 21. Qh5+ Kg7 22. Rc3 Rg8 23. Rdc1 Rac8 24. Rg3+ Kh8 25. Rxc8 Nxc8 26. Rxg8+ Kxg8 27. Qe8+ Kg7 28. Qxe6 Qe1+ 29. Kh2 Qxe4 30. Qd7+ Kh6 31. Nf5+ Kg5 32. h4+ Kf4 33. g3+ Kf3 34. Qxh7 Kxf2 35. Kh3 Qh1+ 36. Kg4 Qf3+ 37. Kh3 Nb6 38. Qg6 Nc4 39. Ne3 Nxe3 40.
Qc2+ Nxc2 41. h5 Ne3 42. h6 Qh1# 0-1

[Event "*** Titled Tuesday Blitz"]
[Site "Chess.com"]
[Date "2020.05.19"]
[Round "10"]
[White "Xtrmntr78"]
[Black "IAgrest"]
[Result "0-1"]
[WhiteElo "2361"]
[BlackElo "2276"]
[TimeControl "180+1"]
[EndTime "13:57:14 PDT"]
[Termination "IAgrest won on time"]

1. c4 Nf6 2. Nc3 g6 3. e4 d6 4. d4 Bg7 5. f4 O-O 6. Nf3 Na6 7. Be2 e5 8. fxe5 dxe5 9. d5 Nc5 10. Qc2 a5 11.
Be3 Qe7 12. h3 Nh5 13. g4 Nf4 14.
O-O-O a4 15. Qd2 Bd7 16. Nxe5 Nxe2+ 17. Qxe2 Bxe5 18. Bd4 b6 19. h4 Bxd4 20. Rxd4 Qe5 21. Qe3 Bxg4 22. d6 cxd6 23. Nd5 Ne6 24. Rd2 Nc5 25. Rf1 f5 26. h5 Qxe4 27. Qc3 Qe5 28.
Qb4 Ne4 29. hxg6 hxg6 30. Rg2 Rac8 31. Qxa4 Qxd5 32. Rc2 Qd3 33. Re1 Rc5 34. Qd7 Rf7 35.
Qe6 Qd4 36. Qxg6+ Qg7 37. Qe6 Ng5 38. Qxd6 Rc8 39. Rg1 Ne4 40. Qf4 Rfc7 0-1

[Event "*** Titled Tuesday Blitz"]
[Site "Chess.com"]
[Date "2020.05.19"]
[Round "10"]
[White "garfield_pg"]
[Black "cfjohansson"]
[Result "0-1"]
[WhiteElo "2155"]
[BlackElo "2341"]
[TimeControl "180+1"]
[EndTime "13:57:14 PDT"]
[Termination "cfjohansson won on time"]

1. e4 c5 2. d4 cxd4 3. Nf3 d6 4. Nxd4 Nf6 5. Nc3 g6 6. Be3 Bg7 7. f3 O-O 8. Qd2 Nc6 9. Bc4 Bd7 10. Bb3 Qa5 11.
O-O Rfe8 12. Rad1 Rac8 13. Rfe1 a6 14. Kh1 Nxd4 15. Bxd4 Bc6 16. Bxf6 exf6 17. Qf4 f5 18. exf5 Be5 19. Qd2 Qb4 20. fxg6 hxg6 21. Qg5 Kg7 22. a3 Qc5 23. Ne4 Bxe4 24. Rxe4 Rh8 25. h3 Qf2 26. Qg4 Rc5 27. c3 Bf6 28. Qf4 Rf5 29. Qd2 Qg3 30.
Kg1 Be5 31. Qf2 Rxh3 32. Kf1 Rh1+ 33. Ke2 Rxd1 34. Qxg3 Rd2+ 35. Kxd2 Bxg3 36. Kd3 Be5 37. Bd5 b6 38. Bb7 a5 39. Ke2 Rh5 40. Rc4 Rh1 0-1

[Event "*** Titled Tuesday Blitz"]
[Site "Chess.com"]
[Date "2020.05.19"]
[Round "10"]
[White "powermove"]
[Black "CzechmVIII"]
[Result "1-0"]
[WhiteElo "1730"]
[BlackElo "2174"]
[TimeControl "180+1"]
[EndTime "13:57:14 PDT"]
[Termination "powermove won on time"]

1. Nf3 c5 2. g3 b6 3. Bg2 Bb7 4. O-O Nf6 5. d3 e6 6. e4 d6 7. Nbd2 Be7 8. Re1 O-O 9. c3 Nbd7 10. Qe2 Qc7 11. a4 a6 12. h4 Rfe8 13. d4 cxd4 14.
cxd4 Qc2 15. e5 Nd5 16. Nc4 Qxe2 17. Rxe2 b5 18. Nxd6 Bxd6 19. exd6 Rec8 20. Ne5 Rd8 21. Bd2 N7f6 22. d7 b4 23. Bxb4 Nxd7 24. Ba5 Nxe5 25.
Bxd8 Nc4 26. Bg5 h6 27. Bc1 Rc8 28. b3 Nd6 29. Ba3 Nf5 30. Rc1 Rxc1+ 31. Bxc1 Nxd4 32. Rb2 Nc3 33. Be3 Nde2+ 34. Kh2 Bxg2 35. Kxg2 f5 36.
Rc2 e5 37. Bd2 Ne4 38. Be3 Nd4 39. Bxd4 exd4 40. f3 d3 41. Rc1 Nf6 42. Rd1 Nd5 43. Rxd3 Nb4 44. Rd4 Nc2 45. Rd8+ Kf7 46. Ra8 Nb4 47.
Ra7+ Kf6 48. Rb7 a5 49. Rb6+ 1-0

[Event "*** Titled Tuesday Blitz"]
[Site "Chess.com"]
[Date "2020.05.19"]
[Round "10"]
[White "rasmussvane"]
[Black "Paul66666"]
[Result "1-0"]
[WhiteElo "2872"]
[BlackElo "2612"]
[TimeControl "180+1"]
[EndTime "13:57:15 PDT"]
[Termination "rasmussvane won on time"]

1. Nf3 Nf6 2. g3 g6 3. Bg2 Bg7 4. O-O O-O 5. d4 d6 6. Re1 c6 7. e4 Qc7 8. Nc3 e5 9. a4 Re8 10. h3 a5 11. Be3 Na6 12. Qd2 Be6 13. Rad1 Rad8 14. Bg5 Bc8 15. g4 Nb4 16. Bf1 b6 17. d5 cxd5 18. exd5 Bd7 19. Rc1 Rc8 20. Red1 Qb7 21.
Nh2 e4 22. Be2 h5 23. gxh5 Nxh5 24. Qe3 Bxc3 25. bxc3 Nxd5 26. Qd2 Nxc3 27. Bxh5 e3 28. Bxe3 gxh5 29. Re1 Kh7 30. Bg5 Rg8 31. Re7 Rcf8 32.
Rce1 Rg6 33. h4 Nd5 34. Rxd7 Qxd7 35. Qxd5 Qh3 36. Nf3 Qg4+ 37. Kf1 Qh3+ 38. Ke2 Re8+ 39. Kd2 Rge6 40. Qd3+ 1-0

[Event "*** Titled Tuesday Blitz"]
[Site "Chess.com"]
[Date "2020.05.19"]
[Round "10"]
[White "mamonika"]
[Black "VladimirBugayev"]
[Result "0-1"]
[WhiteElo "1990"]
[BlackElo "2248"]
[TimeControl "180+1"]
[EndTime "13:57:15 PDT"]
[Termination "VladimirBugayev won by resignation"]

1. e4 c6 2. d4 d5 3. exd5 cxd5 4. Bd3 Nc6 5. c3 Nf6 6. Bf4 g6 7. Nf3 Bg7 8. O-O Bf5 9. Bxf5 gxf5 10. Qd3 e6 11.
Nbd2 Ne4 12. Ne5 O-O 13. Nxe4 fxe4 14. Qg3 Kh8 15. h4 f6 16. Nxc6 bxc6 17. h5 Rg8 18. h6 Bxh6 19. Qh4 Bxf4 20. Qxf4 Qe7 21. g3 e5 22. Qf5 Rg5 23. Qh3 Rag8 24. Kg2 f5 25. dxe5 Qxe5 26. Rh1 h5 27. Kf1 f4 28. g4 e3 29. Qxh5+ Rxh5 30. Rxh5+ Qxh5 31. gxh5 c5 32. fxe3 fxe3 33. Ke2 d4 34. cxd4 cxd4 35. Kd3 Rd8 36. Rg1 Kh7 37. Rg5 Rd7 38. b4 Kh6 39.
Re5 Kg7 40. a4 Kf6 41. Re4 Kg5 42. Re5+ Kf6 43. Re4 Kf5 44. b5 Kg5 45. Re5+ Kf4 46. Re4+ Kf3 47. h6 Rc7 48. Rxd4 e2 49. Re4 Rd7+ 50.
Rd4 Rxd4+ 51. Kxd4 e1=Q 52. h7 Qe4+ 0-1

[Event "*** Titled Tuesday Blitz"]
[Site "Chess.com"]
[Date "2020.05.19"]
[Round "10"]
[White "Oleksandr_Bortnyk"]
[Black "Man-Chuk"]
[Result "1-0"]
[WhiteElo "2981"]
[BlackElo "2748"]
[TimeControl "180+1"]
[EndTime "13:57:16 PDT"]
[Termination "Oleksandr_Bortnyk won on time"]

1. e4 e5 2. Bc4 Nf6 3. d3 c6 4. Nf3 d5 5. Bb3 a5 6. a3 a4 7. Ba2 Bd6 8. Nc3 Be6 9. Ng5 Bg4 10. f3 Bh5 11. Qe2 h6 12. Nh3 Nbd7 13. O-O Nb6 14. Kh1 O-O 15. Qf2 Bg6 16. Ne2 Nfd7 17. g4 Nc5 18. Be3 Nbd7 19. exd5 Kh8 20. dxc6 bxc6 21.
f4 f5 22. g5 e4 23. gxh6 exd3 24. hxg7+ Kxg7 25. Bd4+ Nf6 26. Ng3 Ne4 27. Nxe4 fxe4 28. Rg1 Rh8 29. Ng5 Qd7 30. Ne6+ Kh7 31. Bxf6 Bh5 32.
Rg7+ Qxg7 33. Bxg7 Bf3+ 34. Kg1 Rhg8 35. Qd4 Bc5 36. Qxc5 Rae8 37. Ng5+ Kxg7 38. Bxg8 Rxg8 39. Nxf3 1-0

[Event "*** Titled Tuesday Blitz"]
[Site "Chess.com"]
[Date "2020.05.19"]
[Round "10"]
[White "JuliaEfremova"]
[Black "Crazy_girl99"]
[Result "1-0"]
[WhiteElo "2149"]
[BlackElo "2416"]
[TimeControl "180+1"]
[EndTime "13:57:17 PDT"]
[Termination "JuliaEfremova won by resignation"]

1. d4 e6 2. Bf4 d5 3. Nf3 Bd6 4. Bg3 Nf6 5. e3 Nbd7 6. Nbd2 Qe7 7. Ne5 c5 8. c3 a6 9. Bd3 c4 10. Bc2 O-O 11. Bf4 Ne8 12. Qh5 g6 13. Qh3 Ng7 14.
Ndf3 Bxe5 15. dxe5 f6 16. O-O-O fxe5 17. Nxe5 Nxe5 18. Bxe5 Bd7 19. f4 b5 20. g4 b4 21.
e4 bxc3 22. Qxc3 Bc6 23. Rhe1 a5 24. h4 Ra7 25. h5 g5 26. h6 Ne8 27. f5 dxe4 28.
Bxe4 Bxe4 29. Rxe4 exf5 30. gxf5 Rxf5 31. Rde1 Qf7 32. Bd4 Ra8 33. Re7 Qg6 34. Bg1 Rf4 35. Rxe8+ Rxe8 36. Rxe8+ Kf7 37. Re1 Qd3 38. Qxd3 cxd3 39.
Be3 Re4 40. Kd2 Kg6 41. Kxd3 Re6 42. Rg1 Re5 43. Rxg5+ Rxg5 44. Bxg5 Kxg5 45. a3 Kxh6 46. b4 Kg5 47. bxa5 h5 48. a6 h4 49. a7 Kg4 50.
a8=Q h3 51. Qh1 Kg3 52. a4 h2 53. a5 1-0

[Event "*** Titled Tuesday Blitz"]
[Site "Chess.com"]
[Date "2020.05.19"]
[Round "10"]
[White "petrkostenko"]
[Black "Goryachkina"]
[Result "0-1"]
[WhiteElo "2535"]
[BlackElo "2662"]
[TimeControl "180+1"]
[EndTime "13:57:18 PDT"]
[Termination "Goryachkina won by resignation"]

1. e4 e6 2. d4 d5 3. Nc3 Bb4 4.
exd5 exd5 5. Bd3 Nf6 6. Ne2 O-O 7. O-O Bg4 8. f3 Bh5 9. Nf4 c6 10. Nce2 Bd6 11. Nxh5 Nxh5 12. g3 Nd7 13. c3 Re8 14.
Qc2 Nf8 15. Bd2 Qc7 16. Kg2 Re7 17. Rae1 Rae8 18. Bc1 g6 19. f4 f5 20. Qd1 Nf6 21.
Ng1 Rxe1 22. Rxe1 Rxe1 23. Qxe1 Ne4 24. Nf3 Ne6 25. Be3 a5 26. a3 Qb6 27. Qc1 Qb3 28. Qc2 Qb6 29. c4 Bf8 30. h3 Bg7 31. c5 Qd8 32. Qa4 h6 33. b4 axb4 34. axb4 g5 35. fxg5 hxg5 36. Qa7 f4 37. gxf4 gxf4 38. Bg1 Qe8 39.
Bh2 Qg6+ 40. Kf1 Ng3+ 41. Bxg3 Qxd3+ 42. Kg2 fxg3 43. Kxg3 Nxd4 44. Qb8+ Kh7 0-1

[Event "*** Titled Tuesday Blitz"]
[Site "Chess.com"]
[Date "2020.05.19"]
[Round "10"]
[White "shav3184"]
[Black "AGW2016"]
[Result "1/2-1/2"]
[WhiteElo "2347"]
[BlackElo "2241"]
[TimeControl "180+1"]
[EndTime "13:57:18 PDT"]
[Termination "Game drawn - insufficient material"]

1. e4 c5 2. Nf3 d6 3. d4 cxd4 4.
Nxd4 Nf6 5. f3 Nc6 6. c4 e6 7.
Nc3 Be7 8. Be3 O-O 9. Be2 d5 10.
Nxc6 bxc6 11. cxd5 cxd5 12. exd5 Nxd5 13. Nxd5 exd5 14. O-O Be6 15. Bd4 Bf6 16. Kh1 Rb8 17. Rc1 Rb4 18. Bc5 Rxb2 19. Bxf8 Qxf8 20. Bd3 Rxa2 21.
f4 d4 22. Bb1 Rb2 23. Rc2 Bb3 24.
Qc1 Bxc2 25. Qxb2 d3 26. Qc1 Bxb1 27. Qxb1 d2 28. Qd3 Qb4 29. Rd1 Qxf4 30. Qxd2 Qxd2 31. Rxd2 g6 32. Rd6 Kg7 33. Kg1 a5 34. Ra6 Bc3 35.
Kf2 h5 36. Kf3 Bb4 37. h3 Bc3 38. g4 hxg4+ 39. hxg4 Bd2 40. Ke4 Bc3 41. Ra7 Kf6 42.
Kf3 Bb4 43. Kf4 Bd2+ 44. Kf3 Bb4 45. Ke4 Kg5 46. Kf3 f5 47. gxf5 Kxf5 48. Ra6 g5 49.
Ra8 g4+ 50. Kg2 Kf4 51. Ra7 Ke4 52. Kg3 Kd4 53. Kxg4 Kc4 54. Kf3 Kb3 55. Ke2 a4 56.
Kd1 a3 57. Kc1 a2 58. Rxa2 Kxa2 1/2-1/2

[Event "*** Titled Tuesday Blitz"]
[Site "Chess.com"]
[Date "2020.05.19"]
[Round "10"]
[White "parmupill123"]
[Black "Mr_Sinigami"]
[Result "0-1"]
[WhiteElo "2409"]
[BlackElo "2571"]
[TimeControl "180+1"]
[EndTime "13:57:19 PDT"]
[Termination "Mr_Sinigami won by resignation"]

1. e4 c5 2. Nc3 Nc6 3. g3 g6 4. Bg2 Bg7 5. d3 e6 6. Be3 Nd4 7. f4 Ne7 8. Nf3 O-O 9. O-O d6 10. e5 Nef5 11. Bf2 Qe7 12. exd6 Qxd6 13. Ne4 Qc7 14. c3 Nxf3+ 15. Bxf3 c4 16. d4 Rb8 17. g4 Ne7 18. f5 exf5 19. Bg3 f4 20. Bh4 Nd5 21.
Qd2 Be6 22. Nc5 Ne3 23. Rfe1 Bxg4 24. Bxg4 Nxg4 25. Re7 Qd6 26. Rd7 Qc6 27. Qxf4 Ne5 28. Re7 Nf3+ 29. Kf2 Nxh4 30. Nd7 Rbd8 31. Nxf8 Rxf8 32.
Rc7 Qb6 33. Re1 Nf5 34. Re2 Bh6 35. Qe5 Bg7 36. Qf4 h5 37. Rxc4 Qf6 38. Rc5 Bh6 39.
Qf3 Qh4+ 40. Kg2 Qg5+ 41. Kh1 Qc1+ 42. Kg2 Nh4+ 0-1

[Event "*** Titled Tuesday Blitz"]
[Site "Chess.com"]
[Date "2020.05.19"]
[Round "10"]
[White "guillembaches"]
[Black "Kildepiotr"]
[Result "1/2-1/2"]
[WhiteElo "2438"]
[BlackElo "2574"]
[TimeControl "180+1"]
[EndTime "13:57:20 PDT"]
[Termination "Game drawn by repetition"]

1. e4 e6 2. Nf3 d5 3. exd5 exd5 4.
d4 Bd6 5. c4 Nf6 6. Nc3 c6 7. Bd3 dxc4 8. Bxc4 O-O 9. O-O Nbd7 10. Bb3 h6 11. Qd3 Kh8 12. Re1 Nb6 13. Ne5 Bxe5 14.
Rxe5 Nbd5 15. Nxd5 Nxd5 16. Bxd5 cxd5 17. Bf4 f6 18.
Re2 Re8 19. Rae1 Rxe2 20. Qxe2 Bf5 21. Qe7 Qb6 22. Qc5 Qxb2 23. Qxd5 Bg6 24. h4 Qb4 25. Re3 Qb1+ 26. Kh2 Qf5 27. Qxf5 Bxf5 28. Re7 b5 29. d5 Kg8 30. d6 Kf8 31. Rb7 a6 32. Be3 Rd8 33. Bc5 Rd7 34. Rxd7 Bxd7 35. a3 Kf7 36. Kg3 Ke6 37. Kf4 Kd5 38. Bb4 g5+ 39. hxg5 hxg5+ 40. Ke3 Kc4 41. g3 f5 42. f4 g4 43. Kd2 Kb3 44. Kd3 a5 45. Bxa5 Ka4 46. Bb4 Kb3 47. Ke3 Kc4 48. Kf2 Bc6 49. Ke3 Bd7 50. Kf2 Bc6 51. Ke3 Bd7 1/2-1/2

[Event "*** Titled Tuesday Blitz"]
[Site "Chess.com"]
[Date "2020.05.19"]
[Round "10"]
[White "GameOverBro"]
[Black "ChessBitl"]
[Result "1-0"]
[WhiteElo "2519"]
[BlackElo "2357"]
[TimeControl "180+1"]
[EndTime "13:57:21 PDT"]
[Termination "GameOverBro won by checkmate"]

1. e4 c5 2. Ne2 Nc6 3. Nbc3 g6 4. d4 cxd4 5. Nxd4 Bg7 6. Nde2 Nf6 7. g3 O-O 8. Bg2 d6 9. O-O Bd7 10. h3 a6 11. a4 Rc8 12. Nd5 Nxd5 13. exd5 Ne5 14. Ra2 Qa5 15. Bd2 Qb6 16. b3 Rc7 17. c4 Be8 18. Be3 Qa5 19. Bd2 Qb6 20. a5 Qa7 21. Be3 Qb8 22. Bb6 Rc8 23. Kh2 Nd7 24. Be3 Nc5 25.
b4 Nd7 26. Qb3 Ne5 27. Rc1 Qc7 28. Rac2 Nd7 29. f4 b6 30. axb6 Nxb6 31. Bxb6 Qxb6 32. Qa3 Bd7 33. c5 Qb5 34. c6 Bf5 35. Ra2 e6 36.
Qxa6 Qxb4 37. g4 exd5 38. gxf5 gxf5 39. Bxd5 Rfe8 40. Qc4 Qb6 41. Rg1 Kh8 42. Bxf7 Re4 43. Qd3 Qxc6 44. Bd5 Rxe2+ 45. Rxe2 Qc5 46. Rxg7 Kxg7 47.
Qg3+ Kh8 48. Rg2 Qa7 49. Qg8+ Rxg8 50. Rxg8# 1-0

[Event "*** Titled Tuesday Blitz"]
[Site "Chess.com"]
[Date "2020.05.19"]
[Round "10"]
[White "hypert"]
[Black "IMinTheWings"]
[Result "0-1"]
[WhiteElo "2356"]
[BlackElo "2255"]
[TimeControl "180+1"]
[EndTime "13:57:21 PDT"]
[Termination "IMinTheWings won by checkmate"]

1. e4 e6 2. d4 d5 3. Nc3 Nf6 4. e5 Nfd7 5. f4 c5 6. Nf3 Nc6 7. Be3 a6 8. a3 b5 9. Qd2 Qa5 10.
Ra2 Qb6 11. Qf2 cxd4 12. Nxd4 Bc5 13. Nce2 b4 14. axb4 Nxb4 15. Ra1 f6 16. Kd2 fxe5 17. fxe5 Nxe5 18. Kc1 Nc4 19. b3 Ne5 20. Qg3 Ng6 21. c3 Nd3+ 22. Kc2 Nde5 23. b4 Be7 24. Nf5 Qc7 25.
Nxe7 Qxe7 26. Bd4 Nd7 27. Nf4 Nxf4 28. Qxf4 e5 29. Qg3 O-O 30. Re1 e4 31. Be2 a5 32. b5 a4 33. h4 a3 34. h5 a2 35. h6 g6 36. Ra1 Nc5 37. Qe5 Qxe5 38. Bxe5 Rf2 39. Rhe1 Nd3 40. Kd2 Nxe1 41. Kxe1 Rxg2 42.
Kf1 Rg5 43. Bd4 Bh3+ 44. Ke1 Rh5 45. Bxh5 gxh5 46. b6 Bc8 47. Kf2 Kf7 48. Kg3 Kg6 49.
Kh4 Kxh6 50. c4 dxc4 51. Rg1 Bg4 52. Ba1 Rb8 53. Bd4 Kg6 54. Rf1 Bf3 55. Rg1+ Bg4 56. Rf1 c3 57. Bxc3 Rxb6 58. Re1 Rb3 59. Ba1 Rh3# 0-1

[Event "*** Titled Tuesday Blitz"]
[Site "Chess.com"]
[Date "2020.05.19"]
[Round "10"]
[White "CroissantNeuf"]
[Black "hongnhung1234"]
[Result "1-0"]
[WhiteElo "2352"]
[BlackElo "2197"]
[TimeControl "180+1"]
[EndTime "13:57:21 PDT"]
[Termination "CroissantNeuf won by checkmate"]

1. Nf3 f5 2. d3 Nf6 3. e4 d6 4. Nc3 Nc6 5. exf5 Bxf5 6. d4 Nb4 7. Bd3 Nxd3+ 8. cxd3 g6 9. O-O Bg7 10. Qb3 e6 11. Re1 O-O 12. Ng5 Qd7 13. Nxe6 Bxe6 14. Rxe6 Kh8 15. Bd2 Ng4 16. Ne4 d5 17. Nc5 Qf7 18.
Re2 Rae8 19. Rae1 Rxe2 20. Rxe2 Bxd4 21. Bc3 Qf4 22. g3 Qc1+ 23. Kg2 Bxc3 24. Qxc3+ Qxc3 25. bxc3 Nf6 26. Re7 b6 27. Na6 c5 28. Rxa7 Rd8 29.
Rf7 Nd7 30. Nc7 Ne5 31. Re7 Nxd3 32. Ne6 Ra8 33. Ng5 Rxa2 34. Rxh7+ Kg8 35. Rf7 Ne5 36. Rf6 b5 37. h4 b4 38. cxb4 cxb4 39. Re6 Nd3 40. Rxg6+ Kh8 41. Rf6 Rxf2+ 42. Rxf2 Nxf2 43. Kxf2 b3 44. Nf3 d4 45. Nd2 b2 46. Ke2 Kg7 47.
Kd3 Kg6 48. Kxd4 Kh5 49. Kd3 b1=Q+ 50. Nxb1 Kg4 51. Nd2 Kh5 52. Nf3 Kg4 53. Ne5+ Kf5 54.
Ke3 Kxe5 55. Kf3 Kf5 56. g4+ Kg6 57. Kf4 Kh6 58. Kf5 Kg7 59. g5 Kh7 60. Kf6 Kg8 61.
Kg6 Kh8 62. Kf7 Kh7 63. g6+ Kh6 64. g7 Kh5 65. g8=Q Kh6 66. Qg6# 1-0

[Event "*** Titled Tuesday Blitz"]
[Site "Chess.com"]
[Date "2020.05.19"]
[Round "10"]
[White "XDPS"]
[Black "jlandaw"]
[Result "0-1"]
[WhiteElo "2650"]
[BlackElo "2495"]
[TimeControl "180+1"]
[EndTime "13:57:22 PDT"]
[Termination "jlandaw won on time"]

1. Nf3 Nf6 2. b3 d5 3. Bb2 Bf5 4. g3 Nc6 5. Bg2 h6 6. O-O e6 7.
d3 Be7 8. Nbd2 Bh7 9. Ne5 Nxe5 10. Bxe5 O-O 11. e4 d4 12. Bxf6 Bxf6 13. f4 e5 14. Kh1 c6 15. Qh5 exf4 16. gxf4 Be7 17. Bf3 Bb4 18. Nc4 Qf6 19. Qg4 Kh8 20. e5 Qf5 21.
Qg3 Rad8 22. Be4 Qh5 23. Rg1 Rg8 24. Bf3 Qf5 25. Raf1 b5 26. Nb2 c5 27. Nd1 Bd2 28. Be4 Qh5 29. Nf2 Be3 30. Bf3 Qf5 31. Nh3 Rde8 32.
Rg2 Qg6 33. Qh4 Qe6 34. Bg4 Qc6 35. Bh5 Ref8 36. Bf3 Qe6 37. Be4 Bxe4 38. dxe4 Qc6 39. f5 g5 40. Qh5 Kg7 41. f6+ Kh7 42. Qg4 Rg6 43. Rf5 Qe6 44. Ng1 c4 45. Nf3 d3 46.
cxd3 cxd3 47. h3 Rc8 48. Kh2 Rc2 49. Qg3 Bf4 50. Rxf4 gxf4 0-1

[Event "*** Titled Tuesday Blitz"]
[Site "Chess.com"]
[Date "2020.05.19"]
[Round "10"]
[White "diablanni"]
[Black "PetrolulSah"]
[Result "1-0"]
[WhiteElo "2344"]
[BlackElo "2203"]
[TimeControl "180+1"]
[EndTime "13:57:22 PDT"]
[Termination "diablanni won on time"]

1. e4 e5 2. Nf3 Nc6 3. d4 exd4 4. Nxd4 Nf6 5. Nxc6 bxc6 6. e5 Qe7 7. Qe2 Nd5 8.
c4 Nb6 9. Nc3 Qe6 10. Qe4 g6 11. f4 Bg7 12. c5 Nd5 13. Bc4 Nxc3 14. bxc3 Qe7 15. Ba3 O-O 16. O-O a5 17. Rf3 Ba6 18. Bb3 Rfe8 19. Re1 Bb5 20. f5 a4 21. fxg6 axb3 22. gxf7+ Kh8 23. fxe8=Q+ Qxe8 24. Rh3 Qg8 25. Qb4 bxa2 26. Qb2 Bc4 27. Rg3 Rb8 28. Bb4 Qd5 29.
Qc1 a1=Q 30. Qxa1 Bxe5 31. Rge3 Rxb4 32. Rxe5 Qxg2+ 33. Kxg2 Rb3 34. Qa8+ Kg7 35. Re7+ Kf6 36. Qf8+ Kg6 37. R1e3 Bd5+ 38. Kg3 Kg5 39. Qf4+ Kg6 40.
Qg4+ Kf6 41. Qh4+ Kf5 42. Qxh7+ Kf6 43. Qg7+ Kf5 44. Rf7+ 1-0

[Event "*** Titled Tuesday Blitz"]
[Site "Chess.com"]
[Date "2020.05.19"]
[Round "10"]
[White "wild_cat99"]
[Black "ameetghasi100"]
[Result "0-1"]
[WhiteElo "2561"]
[BlackElo "2715"]
[TimeControl "180+1"]
[EndTime "13:57:23 PDT"]
[Termination "ameetghasi100 won by checkmate"]

1. Nf3 g6 2. g3 Bg7 3. Bg2 Nf6 4. O-O O-O 5. d4 d5 6. c4 c6 7. cxd5 cxd5 8. Ne5 e6 9. Nc3 Nfd7 10. Nd3 Nc6 11. e3 b6 12. Re1 Ba6 13. f4 Ne7 14. Ne5 Nf6 15. g4 Bb7 16. g5 Ne8 17. h4 Nf5 18. h5 Rc8 19. Ne2 gxh5 20. Kf2 f6 21. gxf6 Nxf6 22. Rh1 Ne4+ 23. Bxe4 dxe4 24. Ng3 h4 25. Nxf5 Rxf5 26. Bd2 Bxe5 27. dxe5 Qd3 28. Rg1+ Kf7 29. Rc1 Rxc1 30. Qxc1 Bc6 31. Rg4 h5 32. Rxh4 Bb5 33. Rh2 Qe2+ 34. Kg1 Qc4 35. Qe1 Qd3 36. Rg2 Ke8 37. Qg3 Qf1+ 38. Kh2 Rf7 39. Bb4 Kd7 40. Rd2+ Kc6 41. Rc2+ Kb7 42. Qg8 Rc7 43. Rxc7+ Kxc7 44. Bd6+ Kb7 45. Qb8+ Ka6 46. Qc8+ Ka5 47.
Qc3+ Ka6 48. Qa3+ Kb7 49. Qc3 Qf2+ 50. Kh3 Bf1# 0-1

[Event "*** Titled Tuesday Blitz"]
[Site "Chess.com"]
[Date "2020.05.19"]
[Round "10"]
[White "Andrii_Prydun"]
[Black "CrushingKings"]
[Result "0-1"]
[WhiteElo "2381"]
[BlackElo "2505"]
[TimeControl "180+1"]
[EndTime "13:57:23 PDT"]
[Termination "CrushingKings won by resignation"]

1. d4 g6 2. Nc3 Bg7 3. Bf4 c6 4. Qd2 d5 5. h4 h5 6. Nf3 Nd7 7.
O-O-O Nb6 8. e3 Bf5 9. Bd3 Bxd3 10. cxd3 Qd7 11. Ne5 Qe6 12. f3 Nd7 13. Nxd7 Qxd7 14. Kb1 e6 15. Ne2 Ne7 16. e4 Rd8 17. Be5 Bxe5 18.
dxe5 dxe4 19. fxe4 c5 20. Rhf1 Nc6 21. Qg5 Qe7 22. Rf6 Kd7 23. Rdf1 Rhf8 24. Nc3 a6 25.
Qh6 Nxe5 26. Qg5 Ng4 27. R6f3 Qxg5 28. hxg5 Nh2 29. Rxf7+ Rxf7 30. Rxf7+ Kc6 31. Kc2 Ng4 32. Ne2 Rxd3 33. Nf4 Rg3 34. Nxe6 Rxg2+ 35. Kc3 h4 36.
Nd8+ Kd6 37. Nxb7+ Ke6 38. Nd8+ Ke5 39. Rh7 Rg3+ 40.
Kc4 h3 41. Nc6+ Kxe4 42. Ne7 h2 43. Nd5 Rg1 44. Nf6+ Nxf6 45. Rxh2 Rxg5 46. Rf2 Ng4 47. Re2+ Ne3+ 0-1

[Event "*** Titled Tuesday Blitz"]
[Site "Chess.com"]
[Date "2020.05.19"]
[Round "10"]
[White "Enriquack"]
[Black "aa175"]
[Result "1-0"]
[WhiteElo "2316"]
[BlackElo "2414"]
[TimeControl "180+1"]
[EndTime "13:57:24 PDT"]
[Termination "Enriquack won by checkmate"]

1. e4 c5 2. Nf3 d6 3. d4 cxd4 4. Nxd4 Nf6 5. Nc3 a6 6. Bg5 Nbd7 7. f4 h6 8. Bxf6 Nxf6 9. f5 g5 10. Qf3 Bg7 11. O-O-O O-O 12. g4 b5 13. h4 Bb7 14.
hxg5 hxg5 15. Nd5 Bxd5 16. exd5 Qa5 17. Kb1 Rfc8 18. Nc6 Qc7 19. Bg2 a5 20. Rhe1 Re8 21.
Qe3 Kf8 22. Qxg5 b4 23. Qf4 Ra6 24. g5 Ng8 25. Re3 a4 26. Rde1 b3 27. cxb3 axb3 28.
Rxb3 Rea8 29. a3 Rb6 30. Ree3 Rxb3 31. Rxb3 Qc8 32. Qe4 Qc7 33. Qb4 Re8 34. Qb7 Qxb7 35. Rxb7 f6 36. g6 Nh6 37. Be4 Ng4 38. Nd4 Ne5 39.
a4 Nc4 40. Bd3 Ne5 41. Bb5 Rc8 42. Bc6 Nc4 43. b4 Nd2+ 44. Ka2 Ne4 45. a5 Bh6 46. a6 Be3 47. Ne6+ Kg8 48. a7 Nc3+ 49. Kb3 Bxa7 50.
Rxa7 Kh8 51. Rxe7 Nxd5 52. Bxd5 Rd8 53. g7+ Kg8 54. Nd4+ Kh7 55. g8=Q+ Kh6 56. Qg6# 1-0

[Event "*** Titled Tuesday Blitz"]
[Site "Chess.com"]
[Date "2020.05.19"]
[Round "10"]
[White "Nellichka"]
[Black "Mbneu"]
[Result "0-1"]
[WhiteElo "2001"]
[BlackElo "2215"]
[TimeControl "180+1"]
[EndTime "13:57:24 PDT"]
[Termination "Mbneu won on time"]

1. d4 Nf6 2. c4 c5 3. d5 e6 4. Nc3 exd5 5. cxd5 d6 6. e4 g6 7. Nf3 Bg7 8. Bg5 h6 9. Bh4 O-O 10. Be2 a6 11. a4 Nbd7 12. Nd2 Qc7 13. O-O Re8 14. f4 c4 15. Bxc4 Qb6+ 16. Bf2 Qxb2 17. Bd4 Ng4 18. Nf3 Bxd4+ 19. Qxd4 Qb6 20. Rab1 Qxd4+ 21. Nxd4 Ne3 22. Bd3 Nc5 23. Rfe1 Nxg2 24. Kxg2 Nxd3 25.
Rf1 Nc5 26. Rb6 Nxe4 27. Nxe4 Rxe4 28. Nb3 Rxa4 29. Rxd6 Bf5 30. Nc5 Rd4 31. Nxb7 Rxd5 32. Rxd5 Be4+ 33. Kg3 Bxd5 34. Nc5 a5 35. Rd1 Bc4 36.
Rc1 Bb5 37. Ne4 Bd7 38. Nf6+ Kg7 39. Nxd7 a4 40. Ra1 Ra5 41. Nb6 g5 42. Rxa4 gxf4+ 43. Kxf4 Rh5 44. Ra2 Kg6 45. Nd7 Rh4+ 0-1